[Event "Titled Tuesday Blitz March 07 Early 2023"]
[White "Jiganchine, Roman"]
[Black "Bilan, Danila"]
[WhiteFideId "2603667"]
[BlackFideId "24161918"]
[WhiteElo "2315"]
[BlackElo "2182"]
[Result "0-1"]
[Round "08"]
[TimeControl "180+2"]
[Date "2023.03.07"]
[WhiteClock "0:00:17"]
[BlackClock "0:00:08"]

1. e4 c6 2. d4 d5 3. exd5 cxd5 4. Nf3 Nf6 5. c4 Nc6 6. Nc3 Bg4 7. cxd5 Nxd5 8. Qb3 Bxf3 9. gxf3 e6 10. Qxb7 Nxd4 11. Bb5+ Nxb5 12. Qc6+ Ke7 13. Qxb5 Qd7 14. Nxd5+ Qxd5 15. Bg5+ f6 16. Qxd5 exd5 17. Be3 Ke6 18. O-O-O Rc8+ 19. Kb1 Bc5 20. Rhe1 Bxe3 21. Rxe3+ Kd6 22. Ra3 Rc7 23. Ra5 Rhc8 24. Raxd5+ Ke6 25. Rd6+ Kf5 26. a3 Rc2 27. R1d2 Rc1+ 28. Ka2 R8c7 29. Rd7 h5 30. Rxc7 Rxc7 31. Kb3 Kf4 32. Rd3 g5 33. a4 h4 34. a5 f5 35. Kb4 h3 36. b3 Rc2 37. Rd7 Rxf2 38. Rxa7 Rxh2 39. Ka3 g4 40. fxg4 fxg4 41. Rg7 Rh1 42. Ka2 Re1 43. a6 Re6 44. a7 Ra6+ 45. Kb2 h2 46. Rh7 g3 47. b4 Rxa7 48. Rh4+ Kf3 49. b5 Kg2 50. Kb3 h1=Q 51. Rxh1 Kxh1 52. b6 Rb7 0-1


[Site "https://www.chess.com"]

[Event "Titled Tuesday Blitz March 07 Early 2023"]
[White "Zaksaite, Salomeja"]
[Black "Dinu, Dumitru-Daniel"]
[WhiteFideId "12801496"]
[BlackFideId "1208403"]
[WhiteElo "2059"]
[BlackElo "2240"]
[Result "0-1"]
[Round "08"]
[TimeControl "180+2"]
[Date "2023.03.07"]
[WhiteClock "0:00:01"]
[BlackClock "0:00:06"]

1. d4 e6 2. e4 d5 3. Nc3 dxe4 4. Nxe4 Bd7 5. Nf3 Bc6 6. Bd3 Nd7 7. Qe2 Ngf6 8. Bg5 Be7 9. h4 Nxe4 10. Bxe4 Bxe4 11. Qxe4 c6 12. O-O-O h6 13. Bxe7 Qxe7 14. Ne5 O-O-O 15. Rh3 Nxe5 16. Qxe5 g5 17. Rdh1 Rhg8 18. Ra3 a6 19. h5 Rd5 20. Qe4 Rgd8 21. Rd3 f5 22. Qe3 Qf6 23. Re1 R5d6 24. c3 c5 25. Qe5 Qxe5 26. Rxe5 cxd4 27. cxd4 Kc7 28. Kd2 Rxd4 29. Rxd4 Rxd4+ 30. Kc3 Rd6 31. g3 Kd7 32. a4 Rd5 33. Re2 Kd6 34. b3 e5 35. Kc4 Rd4+ 36. Kc3 a5 37. Re3 Kd5 38. Re2 e4 39. Re3 f4 40. gxf4 gxf4 41. Rh3 f3 42. Rh4 Rd3+ 43. Kc2 Kd4 44. Rf4 Rc3+ 45. Kb2 Kd3 46. Rf6 Rc2+ 47. Ka3 Rxf2 48. Rxh6 e3 49. Rd6+ Ke2 50. h6 Rh2 51. b4 axb4+ 52. Kxb4 Kf2 0-1


[Site "https://www.chess.com"]

[Event "Titled Tuesday Blitz March 07 Early 2023"]
[White "Matutururu, Maxman"]
[Black "Torres Dominguez, David"]
[WhiteFideId "11004487"]
[BlackFideId "2220857"]
[WhiteElo "2402"]
[BlackElo "1999"]
[Result "1-0"]
[Round "08"]
[TimeControl "180+2"]
[Date "2023.03.07"]
[WhiteClock "0:01:54"]
[BlackClock "0:01:48"]

1. d4 e5 2. c4 d6 3. Nf3 e4 4. Ng5 f5 5. h4 Be7 6. Nc3 Nf6 7. h5 O-O 8. Bf4 h6 9. Nh3 Nxh5 10. Bh2 Qe8 11. e3 Nc6 12. Be2 Nf6 13. Nf4 Bd7 14. Bg3 Bd8 15. d5 Ne5 16. Qd4 a6 17. O-O-O b5 18. c5 b4 19. Qxb4 Rb8 20. Qxb8 1-0


[Site "https://www.chess.com"]

[Event "Titled Tuesday Blitz March 07 Early 2023"]
[White "Fabris, Alberto"]
[Black "Jovic, Stanoje"]
[WhiteFideId "801348"]
[BlackFideId "905020"]
[WhiteElo "2153"]
[BlackElo "2236"]
[Result "1-0"]
[Round "08"]
[TimeControl "180+2"]
[Date "2023.03.07"]
[WhiteClock "0:00:04"]
[BlackClock "0:00:06"]

1. d4 Nf6 2. Nf3 e6 3. Bf4 d5 4. e3 Bd6 5. Bd3 b6 6. O-O O-O 7. Qe2 c5 8. c3 a5 9. Ne5 Ba6 10. Bxa6 Nxa6 11. Nd2 Bxe5 12. Bxe5 Nd7 13. Bg3 Re8 14. Rad1 c4 15. e4 dxe4 16. Nxc4 f5 17. f3 exf3 18. Qxf3 Nc7 19. Ne5 Nxe5 20. Bxe5 Nd5 21. c4 Nf6 22. Qg3 Ra7 23. Bxf6 Qxf6 24. Qd6 Rb7 25. Qc6 Ree7 26. Rfe1 e5 27. Qc8+ Kf7 28. dxe5 Qe6 29. Qxe6+ Rxe6 30. Rd5 Rc7 31. b3 a4 32. Kf2 axb3 33. axb3 g5 34. Ke3 Ra7 35. Re2 Ra3 36. Rb5 Kg6 37. Kd4 f4 38. Kd5 Kf5 39. Kd4 Ra1 40. Kc3 g4 41. Rd5 f3 42. gxf3 gxf3 43. Rf2 Ke4 44. Rd3 Rc1+ 45. Kd2 Rb1 46. Rfxf3 Kxe5 47. Rfe3+ Kf6 48. Rxe6+ Kxe6 49. Rh3 Rb2+ 50. Kc3 Ra2 51. Rxh7 Kd6 52. Kb4 Kc6 53. Rh6+ Kb7 54. h4 Ra1 55. h5 Ra5 56. Rh7+ Ka6 57. h6 Rh5 58. Rh8 Rh1 59. Ka4 Ra1+ 60. Kb4 Rh1 61. h7 Kb7 62. Kc3 Rh4 63. b4 Ka7 64. Kb3 Kb7 65. Ka4 Ka7 66. Kb5 Kb7 67. c5 bxc5 68. bxc5 Rh5 69. Kc4 Rh4+ 70. Kd5 Rh5+ 71. Kd6 Rh6+ 72. Kd7 Rh1 73. c6+ Ka7 74. c7 Rd1+ 75. Kc8 Rh1 76. Kd8 Rd1+ 77. Ke7 Re1+ 78. Kf6 Rf1+ 79. Kg5 Rg1+ 80. Kf4 Rh1 81. c8=Q Rf1+ 82. Ke3 Re1+ 83. Kf2 Re7 84. Qa8+ Kb6 85. Rb8+ Rb7 86. Qxb7+ Kc5 87. Qc7+ Kd4 88. Re8 Kd3 89. Qd7+ Kc4 90. Rc8+ Kb4 91. Qb7+ Ka5 92. Ra8# 1-0


[Site "https://www.chess.com"]

[Event "Titled Tuesday Blitz March 07 Early 2023"]
[White "Prieto Aranguren, Alain"]
[Black "Castellanos Villela, Alejandro"]
[WhiteFideId "2268906"]
[BlackFideId "3446379"]
[WhiteElo "2209"]
[BlackElo "2102"]
[Result "0-1"]
[Round "08"]
[TimeControl "180+2"]
[Date "2023.03.07"]
[WhiteClock "0:00:08"]
[BlackClock "0:00:07"]

1. e4 Nf6 2. d3 e5 3. Nf3 Nc6 4. g3 Bc5 5. Bg2 d6 6. O-O h5 7. c3 h4 8. d4 exd4 9. cxd4 Bb6 10. d5 Ne5 11. Nxh4 Nfg4 12. Bf4 g5 13. Bxe5 Nxe5 14. Nf5 g4 15. Nd2 Qg5 16. Re1 Bd7 17. a4 a6 18. b4 O-O-O 19. b5 a5 20. Qe2 Bxf5 21. exf5 Qxf5 22. Be4 Qf6 23. Rac1 Kb8 24. Bg2 Qh6 25. Nc4 Qxh2+ 26. Kf1 Bc5 27. Nxe5 Rhe8 28. Nd7+ Ka7 29. Qxe8 Rxe8 30. Rxe8 Qh6 31. Rce1 Bb4 32. b6+ cxb6 33. Rd1 Qg6 34. Nb8 Qc2 35. Rd4 Qc1+ 36. Ke2 Qe1+ 37. Kd3 Qxe8 38. Rxg4 Qxb8 39. Rf4 Qc7 40. Be4 Qc3+ 41. Ke2 Qe1+ 42. Kf3 Qd1+ 43. Kg2 Bc5 44. Rxf7 Qxa4 45. Rf4 Qa2 46. g4 Qb2 47. g5 b5 48. g6 a4 49. Rf7 Bd4 50. Bf5 Bg7 51. Bc8 a3 52. Rxb7+ Ka8 53. Rb6 a2 54. Bd7 a1=Q 55. Bc6+ Ka7 56. Rb7+ Ka6 57. Rb8 Qf6 58. Ra8+ Kb6 59. Rxa1 Qxa1 60. Kf3 Qf6+ 0-1


[Site "https://www.chess.com"]

[Event "Titled Tuesday Blitz March 07 Early 2023"]
[White "Kaplan, Avi Harrison"]
[Black "Zaichenko, Daria"]
[WhiteFideId "30934559"]
[BlackFideId "4197453"]
[WhiteElo "1983"]
[BlackElo "2039"]
[Result "1-0"]
[Round "08"]
[TimeControl "180+2"]
[Date "2023.03.07"]
[WhiteClock "0:00:01"]
[BlackClock "0:00:28"]

1. g3 d5 2. Bg2 e5 3. d3 f5 4. f4 e4 5. c4 c6 6. dxe4 fxe4 7. Nc3 Nf6 8. Be3 Bb4 9. a3 Bxc3+ 10. bxc3 O-O 11. Nh3 b6 12. O-O Ba6 13. cxd5 cxd5 14. Ng5 Qe7 15. Bd4 Bc4 16. Qa4 h6 17. Bxf6 Qxf6 18. Nxe4 Qe6 19. Nd2 Qe3+ 20. Kh1 Qxd2 21. Rfd1 Qxc3 22. Rac1 Qb3 23. Rxc4 dxc4 24. Qxb3 cxb3 25. Bxa8 Na6 26. Bd5+ Kh8 27. Bxb3 Nc5 28. Bc4 Re8 29. Kg2 Re4 30. Rd8+ Kh7 31. Bg8+ Kg6 32. Rd6+ Kh5 33. Kh3 g6 34. g4# 1-0


[Site "https://www.chess.com"]

[Event "Titled Tuesday Blitz March 07 Early 2023"]
[White "De Souza, Cristiano Gomes"]
[Black "Cella, Glaucio Dalla Cortt"]
[WhiteFideId "2151758"]
[BlackFideId "2119455"]
[WhiteElo "2068"]
[BlackElo "2011"]
[Result "1/2-1/2"]
[Round "08"]
[TimeControl "180+2"]
[Date "2023.03.07"]
[WhiteClock "0:01:13"]
[BlackClock "0:00:13"]

1. d4 Nf6 2. c4 e5 3. dxe5 Ng4 4. Bf4 Nc6 5. Nf3 Bb4+ 6. Nbd2 Qe7 7. e3 Ngxe5 8. Nxe5 Nxe5 9. Qc2 d6 10. Be2 h6 11. O-O g5 12. Bg3 Bxd2 13. Qxd2 h5 14. f4 h4 15. fxe5 hxg3 16. exd6 gxh2+ 17. Kh1 cxd6 18. Rad1 Bd7 19. Qxd6 Qxd6 20. Rxd6 Ke7 21. Rdf6 Raf8 22. R6f2 Be6 23. b3 Rh6 24. Bf3 b6 25. Bd5 f6 26. e4 a5 27. Bxe6 Kxe6 28. g3 Rd8 29. Kg2 Ke5 30. Re2 h1=Q+ 31. Rxh1 Rxh1 32. Kxh1 Rd4 33. Kg2 Rxe4 34. Rd2 f5 35. Kf2 f4 36. Rd5+ Kf6 37. Rb5 fxg3+ 38. Kxg3 Re6 39. Kg4 Re4+ 40. Kf3 Re6 41. Kg4 Re4+ 42. Kg3 Re6 43. c5 bxc5 44. Rxc5 Re5 45. Rxe5 Kxe5 46. Kg4 a4 47. bxa4 Kd4 48. Kxg5 Kc4 49. Kf5 Kb4 50. Ke5 Kxa4 51. Kd5 Ka3 52. Kc4 Kxa2 1/2-1/2


[Site "https://www.chess.com"]

[Event "Titled Tuesday Blitz March 07 Early 2023"]
[White "Chakravarthi Reddy, M"]
[Black "Gheorghiu, Calin"]
[WhiteFideId "25009532"]
[BlackFideId "1200305"]
[WhiteElo "2201"]
[BlackElo "2223"]
[Result "0-1"]
[Round "08"]
[TimeControl "180+2"]
[Date "2023.03.07"]
[WhiteClock "0:00:01"]
[BlackClock "0:00:03"]

1. c4 e5 2. Nc3 Nc6 3. Nf3 Nf6 4. e4 Bc5 5. Nxe5 Nxe5 6. d4 Bd6 7. dxe5 Bxe5 8. Qc2 O-O 9. Bd3 d6 10. h3 Re8 11. Be3 Bxc3+ 12. bxc3 b6 13. O-O Bb7 14. f3 d5 15. cxd5 Nxd5 16. exd5 Rxe3 17. Bxh7+ Kh8 18. c4 g6 19. Bxg6 fxg6 20. Qxg6 Qh4 21. Rad1 Rg8 22. Rd4 Rxg6 23. Rxh4+ Kg7 24. Re4 Rxe4 25. fxe4 Ba6 26. Rc1 Kf6 27. c5 Ke5 28. cxb6 cxb6 29. Rc7 Kxe4 30. Rxa7 Bc4 31. d6 Rxd6 32. h4 Kf4 33. Ra3 Rd2 34. Rf3+ Kg4 35. a3 Bd5 36. Rf2 Rd3 37. Rb2 Kxh4 38. Rxb6 Rd2 39. Rb4+ Kg3 0-1


[Site "https://www.chess.com"]

[Event "Titled Tuesday Blitz March 07 Early 2023"]
[White "SicilianPanzer"]
[Black "Vargas Rodriguez, Wilver"]
[BlackFideId "3509672"]
[WhiteElo "2251"]
[BlackElo "2238"]
[Result "0-1"]
[Round "08"]
[TimeControl "180+2"]
[Date "2023.03.07"]
[WhiteClock "0:00:03"]
[BlackClock "0:00:34"]

1. d4 Nf6 2. c4 e6 3. Nc3 Bb4 4. Qc2 c5 5. dxc5 Bxc5 6. e3 O-O 7. Nf3 b6 8. Bd3 Bb7 9. a3 a6 10. b4 Be7 11. Bb2 Re8 12. O-O Bf8 13. Rad1 d6 14. Nd4 g6 15. e4 Bg7 16. Nb3 Qc7 17. f4 Nc6 18. Qe2 Nd7 19. g4 Nd4 20. Nxd4 Bxd4+ 21. Kh1 d5 22. cxd5 exd5 23. Nxd5 Bxd5 24. Bxd4 Qb7 25. Rde1 Nf6 26. Bxf6 Re6 27. Qb2 Rae8 28. Be5 Bc6 29. Kg1 Qd7 30. Rd1 Qe7 31. Qf2 Ba4 32. Rc1 Rc6 33. Rxc6 Bxc6 34. Rc1 Bb5 35. Bxb5 axb5 36. Qxb6 Qh4 37. g5 Qg4+ 38. Kf2 Qh4+ 39. Ke2 Qxh2+ 40. Qf2 Qh5+ 41. Qf3 Qh2+ 42. Ke3 Rd8 43. Bf6 Qd2# 0-1


[Site "https://www.chess.com"]

[Event "Titled Tuesday Blitz March 07 Early 2023"]
[White "Blokhin, Sofia"]
[Black "Carrasco Miranda, Andres"]
[WhiteFideId "4508190"]
[BlackFideId "3405990"]
[WhiteElo "1994"]
[BlackElo "2183"]
[Result "0-1"]
[Round "08"]
[TimeControl "180+2"]
[Date "2023.03.07"]
[WhiteClock "0:00:03"]
[BlackClock "0:00:10"]

1. d4 Nf6 2. c4 g6 3. Nc3 d5 4. e3 Bg7 5. cxd5 Nxd5 6. Bd3 O-O 7. Bd2 c5 8. Nge2 Nc6 9. Nxd5 Qxd5 10. e4 Qd8 11. d5 Ne5 12. Bc2 e6 13. Nc3 Nc4 14. Bc1 b5 15. Bd3 exd5 16. Nxd5 Bb7 17. Bxc4 bxc4 18. O-O f5 19. Be3 fxe4 20. Nc3 Bd4 21. Qg4 Qc8 22. Qg5 Qf5 23. Qg3 Rf7 24. Ne2 Bxb2 25. Rab1 Be5 26. Qh4 c3 27. Ng3 Bxg3 28. hxg3 Ba6 29. Rfc1 Bd3 30. Rb3 c2 31. Rc3 c4 32. g4 Qa5 33. Bd2 Qd5 34. Qg5 Qxg5 35. Bxg5 Rb8 36. Bd2 Rb1 37. a4 Rfb7 38. Kh2 Rxc1 39. Bxc1 Rb1 40. Be3 Re1 41. Kg3 Kf7 42. Kf4 Ke6 43. Kg5 Kd5 44. Kh6 Rh1+ 45. Kg5 a5 46. Kf6 h5 47. g5 Rh2 48. g3 h4 49. g4 h3 50. Kxg6 Rg2 51. Bf4 Rxf2 52. Bc7 Rf1 53. Kg7 c1=Q 54. Rxc1 Rxc1 55. g6 e3 56. Kf7 Bxg6+ 57. Kxg6 e2 58. Kh5 e1=Q 59. g5 Qe2+ 60. Kh6 Rg1 61. g6 Qe6 62. Kh7 Qxg6+ 63. Kh8 Qh6# 0-1


[Site "https://www.chess.com"]

[Event "Titled Tuesday Blitz March 07 Early 2023"]
[White "Kohler, Aran"]
[Black "Rios Escobar, Adan"]
[WhiteFideId "1002856"]
[BlackFideId "3403645"]
[WhiteElo "2242"]
[BlackElo "2373"]
[Result "1-0"]
[Round "08"]
[TimeControl "180+2"]
[Date "2023.03.07"]
[WhiteClock "0:00:17"]
[BlackClock "0:00:04"]

1. d4 Nf6 2. Nf3 g6 3. Bg5 Bg7 4. Nbd2 d5 5. e3 c5 6. c3 Qb6 7. Qc1 Nc6 8. Bd3 Nd7 9. O-O e5 10. dxe5 Ndxe5 11. Nxe5 Nxe5 12. Be2 O-O 13. Nf3 Bf5 14. Rd1 Be4 15. Nxe5 Bxe5 16. f3 Bf5 17. Rxd5 f6 18. Bh6 Rfd8 19. Bc4 Be6 20. Rxd8+ Rxd8 21. Bxe6+ Qxe6 22. Bf4 Bxf4 23. exf4 Qe2 24. Qe1 Qxb2 25. Qe6+ Kg7 26. Qe7+ Kh6 27. Qxd8 Qxa1+ 28. Kf2 Qxa2+ 29. Kg3 Qf7 30. h4 b6 31. Kh3 Kg7 32. g4 Qb7 33. Kg3 a5 34. g5 fxg5 35. hxg5 Qc6 36. Qe7+ Kg8 37. Qd8+ Kf7 38. Qh8 a4 39. Qxh7+ Ke8 40. Qh8+ Ke7 41. c4 Qe6 42. Qg7+ Kd8 43. Qa7 Qe1+ 44. Kg2 Qd2+ 45. Kg3 Qe1+ 46. Kg2 Qb4 47. Qb8+ Kd7 48. Qb7+ Kd8 49. Qb8+ Kd7 50. Qb7+ Kd6 51. Qd5+ Kc7 52. Qf7+ Kb8 53. Qxg6 a3 54. Qe8+ Ka7 55. g6 a2 56. Qe7+ Ka6 57. Qe5 Qb1 58. g7 a1=Q 59. Qxa1+ Qxa1 60. g8=Q Qb2+ 61. Kg3 1-0


[Site "https://www.chess.com"]

[Event "Titled Tuesday Blitz March 07 Early 2023"]
[White "Valle Maytin, Luis Enrique"]
[Black "Torres Hernandez, Leslie Carolin"]
[WhiteFideId "3503666"]
[BlackFideId "8400504"]
[WhiteElo "2225"]
[BlackElo "1920"]
[Result "0-1"]
[Round "08"]
[TimeControl "180+2"]
[Date "2023.03.07"]
[WhiteClock "0:00:18"]
[BlackClock "0:01:28"]

1. e4 e6 2. d4 d5 3. exd5 exd5 4. Nf3 Bd6 5. Bd3 Ne7 6. O-O O-O 7. h3 Bf5 8. Re1 Bxd3 9. Qxd3 c6 10. Bg5 f6 11. Bh4 Qc7 12. Nfd2 Ng6 13. Bg3 Nf4 14. Bxf4 Bxf4 15. Nf3 Nd7 16. c3 Rfe8 17. Na3 Nb6 18. Rad1 Na4 19. b3 Nb2 20. Qc2 Nxd1 21. Rxd1 Qd6 22. Nb1 Re7 23. c4 Rae8 24. Nc3 Qb4 25. g3 Bxg3 26. fxg3 Re3 27. Rd3 dxc4 28. bxc4 Qxc4 29. Rxe3 Rxe3 30. Qf5 Qxc3 31. Qc8+ Kf7 32. Qd7+ Re7 33. Qf5 g6 34. Qf4 Qe3+ 35. Kg2 Qxf4 36. gxf4 Re2+ 37. Kg3 Rxa2 0-1


[Site "https://www.chess.com"]

[Event "Titled Tuesday Blitz March 07 Early 2023"]
[White "Grabinsky, Vladimir"]
[Black "Valgmae, Toomas"]
[WhiteFideId "14107074"]
[BlackFideId "4502523"]
[WhiteElo "2027"]
[BlackElo "2170"]
[Result "0-1"]
[Round "08"]
[TimeControl "180+2"]
[Date "2023.03.07"]
[WhiteClock "0:00:01"]
[BlackClock "0:01:53"]

1. e4 d6 2. d4 Nf6 3. Nc3 g6 4. Bg5 c6 5. f4 b5 6. Bd3 b4 7. Nce2 a5 8. Nf3 Qb6 9. c4 bxc3 10. bxc3 Bg7 11. Rb1 Qc7 12. c4 O-O 13. O-O Ba6 14. Qe1 d5 15. Bxf6 exf6 16. Qc3 dxe4 17. Bxe4 f5 18. Bd3 Nd7 19. Ne5 c5 20. Nf3 Rac8 21. Qd2 cxd4 22. Nexd4 Nc5 23. Rfc1 Rfd8 24. Bf1 Bb7 0-1


[Site "https://www.chess.com"]

[Event "Titled Tuesday Blitz March 07 Early 2023"]
[White "Rosh Jain"]
[Black "Melikhov, Evgeny V."]
[WhiteFideId "25789465"]
[BlackFideId "4122046"]
[WhiteElo "2233"]
[BlackElo "2158"]
[Result "1-0"]
[Round "08"]
[TimeControl "180+2"]
[Date "2023.03.07"]
[WhiteClock "0:00:03"]
[BlackClock "0:00:02"]

1. e4 c5 2. Nf3 d6 3. d4 cxd4 4. Nxd4 Nf6 5. Nc3 a6 6. Bc4 e6 7. Bb3 Nbd7 8. Bg5 Nc5 9. Qe2 Be7 10. Bxf6 Bxf6 11. O-O-O O-O 12. f4 Qc7 13. Rhe1 b5 14. Kb1 b4 15. Na4 Nxb3 16. axb3 Bd7 17. e5 dxe5 18. fxe5 Be7 19. Qg4 Rfc8 20. Re3 Bf8 21. h4 Rab8 22. Rf1 Be8 23. Ref3 Qxe5 24. h5 h6 25. Rf4 Qg5 26. Qf3 e5 27. Rg4 Qe7 28. Nf5 Qe6 29. Qg3 g5 30. hxg6 fxg6 31. Nh4 Kh7 32. Rxf8 Bd7 33. Rxg6 Rxf8 34. Rxe6 Bxe6 35. Qg6+ Kh8 36. Qxh6+ Kg8 37. Qxe6+ Kg7 38. Qg6+ Kh8 39. Nc5 Rbe8 40. Ne6 Rf1+ 41. Ka2 Re7 42. Qh6+ Kg8 43. Ng6 Rxe6 44. Qh8+ Kf7 45. Qf8+ Kxg6 46. Qxf1 e4 47. Qe2 e3 48. g4 Kg5 49. c3 a5 50. Kb1 Kf4 51. cxb4 axb4 52. Qc4+ 1-0


[Site "https://www.chess.com"]

[Event "Titled Tuesday Blitz March 07 Early 2023"]
[White "Zampronha, Wladimir Camilo"]
[Black "Kuchava, Ana"]
[WhiteFideId "2103087"]
[BlackFideId "13605348"]
[WhiteElo "2176"]
[BlackElo "2001"]
[Result "1-0"]
[Round "08"]
[TimeControl "180+2"]
[Date "2023.03.07"]
[WhiteClock "0:00:08"]
[BlackClock "0:00:03"]

1. e4 c5 2. Nf3 d6 3. d4 cxd4 4. Nxd4 Nf6 5. Nc3 Nc6 6. Bg5 e6 7. Qd2 Qb6 8. Nb3 Be7 9. Be3 Qd8 10. f3 O-O 11. g4 a6 12. O-O-O b5 13. h4 Bb7 14. h5 Ne5 15. Qf2 Nc4 16. g5 Nxe3 17. Qxe3 Nd7 18. Rg1 b4 19. Ne2 Qb6 20. Qxb6 Nxb6 21. Na5 Rab8 22. Nd4 Rfd8 23. Ndc6 Bxc6 24. Nxc6 Re8 25. Nxb8 Rxb8 26. Bxa6 Ra8 27. Be2 Rxa2 28. Kb1 Ra5 29. g6 fxg6 30. hxg6 h6 31. Rd4 d5 32. exd5 Bc5 33. Rgd1 Bxd4 34. Rxd4 Nxd5 35. Bc4 Kf8 36. Bxd5 Rxd5 37. Rxb4 Rg5 38. Re4 Ke7 39. b4 Rxg6 40. Kb2 h5 41. Kb3 Rh6 42. Rh4 g5 43. Rh1 h4 44. c4 Kd6 45. c5+ Kc6 46. Kc4 h3 47. b5+ Kc7 48. Kd4 Rh4+ 49. Ke5 Rc4 50. b6+ Kc6 51. Rxh3 Rxc5+ 52. Kxe6 Kxb6 53. Kf6 Kc7 54. Rg3 Kd7 55. Rxg5 Rc6+ 56. Kf7 Rc4 57. Rg4 Rc3 58. f4 Kd8 59. f5 Rf3 60. Rg8+ Kd7 61. f6 Rf2 62. Rg4 Rf1 63. Rd4+ Kc6 64. Kg7 Rg1+ 65. Kf8 Kc5 66. Rd2 Rf1 67. f7 Kc6 68. Rd8 Kc7 69. Rd4 Kc6 70. Kg7 Rg1+ 71. Kf6 Rf1+ 72. Ke6 Re1+ 73. Kf5 Rf1+ 74. Rf4 1-0


[Site "https://www.chess.com"]

[Event "Titled Tuesday Blitz March 07 Early 2023"]
[White "Sovetbekova, Nurai"]
[Black "Bashirli, Saadat"]
[WhiteFideId "13801910"]
[BlackFideId "13429990"]
[WhiteElo "1857"]
[BlackElo "1408"]
[Result "0-1"]
[Round "08"]
[TimeControl "180+2"]
[Date "2023.03.07"]
[WhiteClock "0:00:37"]
[BlackClock "0:01:10"]

1. d4 d5 2. c4 e6 3. Nc3 c6 4. cxd5 exd5 5. Nf3 Bf5 6. Bg5 Nf6 7. e3 Bd6 8. Be2 O-O 9. O-O h6 10. Bh4 Nbd7 11. Bd3 Bxd3 12. Qxd3 Qc7 13. Rab1 a5 14. Rfc1 Qb8 15. Na4 b5 16. Nc5 Bxc5 17. dxc5 Ne5 18. Nxe5 Qxe5 19. Bg3 Qe4 20. Qe2 Rfe8 21. Qd1 a4 22. Rc3 Rad8 23. Rd3 Qc4 24. Bd6 Qxa2 25. Rd4 Re4 26. Qd3 Rxd4 27. exd4 Ne4 28. Be5 Re8 29. f3 Nxc5 30. Qc3 Qxb1+ 0-1


[Site "https://www.chess.com"]

[Event "Titled Tuesday Blitz March 07 Early 2023"]
[White "Gamage, Wanshini Vidusama"]
[Black "Buscar, Michael"]
[WhiteFideId "9953752"]
[BlackFideId "2603616"]
[WhiteElo "2186"]
[BlackElo "2010"]
[Result "0-1"]
[Round "08"]
[TimeControl "180+2"]
[Date "2023.03.07"]
[WhiteClock "0:00:15"]
[BlackClock "0:00:03"]

1. e4 c5 2. Nf3 Nc6 3. Bb5 Nf6 4. Nc3 g6 5. e5 Ng4 6. Bxc6 dxc6 7. h3 Nh6 8. g4 Bg7 9. d3 Nxg4 10. hxg4 Bxg4 11. Bf4 h5 12. Ne4 b6 13. Neg5 Qd5 14. c4 Qd7 15. Qe2 Qf5 16. Qe4 Qxe4+ 17. dxe4 Bh6 18. Nh2 f6 19. Nxg4 fxg5 20. Nxh6 gxf4 21. Ng4 Kd7 22. Nh2 g5 23. Ke2 g4 24. Rag1 Ke6 25. Nf1 Kxe5 26. f3 g3 27. Rh4 Rh6 28. Nd2 Rg8 29. Nb3 Rg5 30. Nc1 Rf6 31. Rgh1 Kd4 32. b3 e5 33. Rxh5 Rxh5 34. Rxh5 Rg6 35. Rh1 Kc3 36. Nd3 Rg5 37. Rc1+ Kd4 38. Rd1 Kc3 39. Rc1+ Kd4 40. Kd2 Rh5 41. Rd1 Rh2+ 42. Kc1 Ke3 43. Re1+ Kxf3 44. Nxe5+ Kf2 45. Rd1 Ke3 46. Re1+ Kd4 47. Ng4 Rxa2 48. e5 Kc3 49. Kd1 Ra1+ 50. Ke2 f3+ 51. Kf1 g2+ 52. Kf2 Rxe1 0-1


[Site "https://www.chess.com"]

[Event "Titled Tuesday Blitz March 07 Early 2023"]
[White "Tsatsalashvili, Keti"]
[Black "Sailer, Mike"]
[WhiteFideId "13603434"]
[BlackFideId "2012901"]
[WhiteElo "2220"]
[BlackElo "2109"]
[Result "1-0"]
[Round "08"]
[TimeControl "180+2"]
[Date "2023.03.07"]
[WhiteClock "0:01:02"]
[BlackClock "0:00:33"]

1. d4 d5 2. Nf3 Bf5 3. c4 e6 4. Nc3 Nc6 5. cxd5 exd5 6. a3 Nf6 7. Bf4 a6 8. e3 Be7 9. Bd3 Bxd3 10. Qxd3 O-O 11. O-O Re8 12. Rac1 Nh5 13. Be5 f6 14. Bg3 Nxg3 15. hxg3 Na5 16. b4 Nc4 17. Nxd5 Qxd5 18. Qxc4 Qxc4 19. Rxc4 c6 20. Rb1 Kf7 21. Kf1 Ke6 22. Ke2 g5 23. Nd2 h5 24. Nb3 h4 25. g4 f5 26. gxf5+ Kxf5 27. f3 Bd6 28. Kd3 Re7 29. Nc5 Rg8 30. Ne4 Bb8 31. Rc5+ Ke6 32. Rxg5 Rxg5 33. Nxg5+ Kf5 34. Ne4 Rg7 35. Rb2 Bc7 36. a4 b5 37. a5 Bd8 38. Nc5 Ra7 39. e4+ Kf4 40. Ne6+ Kg3 41. Nxd8 1-0


[Site "https://www.chess.com"]

[Event "Titled Tuesday Blitz March 07 Early 2023"]
[White "Lauridsen, Jesper Morch"]
[Black "Aanan, Shafiuddin"]
[WhiteFideId "1401890"]
[BlackFideId "3242633"]
[WhiteElo "2291"]
[BlackElo "1648"]
[Result "1-0"]
[Round "08"]
[TimeControl "180+2"]
[Date "2023.03.07"]
[WhiteClock "0:00:02"]
[BlackClock "0:00:02"]

1. e4 c5 2. Nf3 d6 3. d4 cxd4 4. Nxd4 Nf6 5. Nc3 a6 6. g3 e5 7. Nde2 Be6 8. Bg2 Nbd7 9. O-O b5 10. h3 h5 11. Bg5 Be7 12. f4 O-O 13. b3 Nb6 14. f5 Bd7 15. Nc1 Bc6 16. Bxf6 Bxf6 17. Qxh5 d5 18. exd5 Nxd5 19. Ne4 Ne3 20. Nxf6+ Qxf6 21. Bxc6 Qxc6 22. Rf2 Qc3 23. Qf3 Qxa1 24. Qxe3 Rfd8 25. f6 Rd1+ 26. Rf1 Qd4 27. Qxd4 Rxd4 28. Nd3 e4 29. Ne5 Rd5 30. Ng4 g6 31. Re1 Rd4 32. Kf2 Rc8 33. Ke3 Rd6 34. Kf4 Rb8 35. Rxe4 Rc6 36. Re7 Rxc2 37. Nh6+ Kf8 38. Rxf7+ Ke8 39. Rh7 Rd8 40. Rh8+ Kd7 41. Rxd8+ Kxd8 42. Ng8 Ke8 43. Kg5 Rg2 44. g4 1-0


[Site "https://www.chess.com"]

[Event "Titled Tuesday Blitz March 07 Early 2023"]
[White "Qashashvili, Alexandre"]
[Black "Kho, Darrell"]
[WhiteFideId "13600842"]
[BlackFideId "1019317"]
[WhiteElo "2405"]
[BlackElo "2171"]
[Result "0-1"]
[Round "08"]
[TimeControl "180+2"]
[Date "2023.03.07"]
[WhiteClock "0:00:16"]
[BlackClock "0:00:15"]

1. e4 e6 2. Nf3 d5 3. exd5 exd5 4. d4 Bd6 5. Bg5 Ne7 6. Bd3 O-O 7. O-O f6 8. Bh4 Nf5 9. Nbd2 Nc6 10. c3 Nce7 11. Qc2 g6 12. Rfe1 c6 13. Re2 Qc7 14. Bg3 Nxg3 15. hxg3 Bf5 16. Rae1 Bxd3 17. Qxd3 Nf5 18. Nh4 Nxh4 19. gxh4 Qf7 20. g3 Rae8 21. Kg2 Rxe2 22. Qxe2 Kg7 23. Nf3 Rd8 24. h5 Rd7 25. hxg6 hxg6 26. Qd2 Re7 27. Rh1 g5 28. Ne1 Qe6 29. Qd1 Qe2 30. Qxe2 Rxe2 31. Nd3 Rd2 32. Nc5 Bxc5 33. dxc5 Rxb2 34. Re1 Kf7 35. Rh1 Rxa2 36. Rh7+ Ke6 37. Rxb7 Ra5 38. Rb3 Rxc5 39. Kf3 a5 40. Ke2 a4 41. Ra3 Rc4 42. Kd3 g4 43. Ra1 Kd6 44. Re1 Re4 45. Rb1 a3 46. Ra1 Ra4 47. Kc2 a2 48. Kb3 Ra8 49. Rxa2 Rxa2 50. Kxa2 Kc5 51. Kb3 d4 52. Kc2 Kc4 53. cxd4 Kxd4 54. Kd2 Ke4 55. Ke2 c5 56. Ke1 Kf3 57. Kf1 c4 58. Ke1 c3 59. Kd1 Kxf2 60. Kc2 Kxg3 61. Kxc3 Kf2 62. Kd2 g3 63. Kd3 g2 64. Ke4 g1=Q 65. Kf5 Qg5+ 66. Ke4 Qe5+ 67. Kd3 f5 68. Kc4 f4 69. Kd3 f3 70. Kc4 Kg2 71. Kd3 f2 72. Kd2 Qd4+ 73. Kc2 Qc4+ 74. Kd2 f1=Q 75. Ke3 Qff4# 0-1


[Site "https://www.chess.com"]

[Event "Titled Tuesday Blitz March 07 Early 2023"]
[White "Bongo Akanga Ndjila, Barthelemy"]
[Black "Liu, Kelsey"]
[WhiteFideId "10609431"]
[BlackFideId "30944481"]
[WhiteElo "1768"]
[BlackElo "2289"]
[Result "1/2-1/2"]
[Round "08"]
[TimeControl "180+2"]
[Date "2023.03.07"]
[WhiteClock "0:01:47"]
[BlackClock "0:00:43"]

1. d4 Nf6 2. c4 e6 3. Nf3 b6 4. a3 Bb7 5. Nc3 d5 6. cxd5 Nxd5 7. Qc2 c5 8. e4 Nxc3 9. bxc3 Nd7 10. Bd3 cxd4 11. cxd4 Rc8 12. Qe2 Bd6 13. O-O e5 14. Bg5 f6 15. Bd2 O-O 16. d5 Nc5 17. Nh4 Nxd3 18. Qxd3 g6 19. Bh6 Rf7 20. Rac1 f5 21. exf5 Qxh4 22. fxg6 Qxh6 23. gxf7+ Kxf7 24. Qf5+ Qf6 25. Qxh7+ Qg7 26. Qf5+ Qf6 27. Qh7+ Qg7 28. Qf5+ Qf6 29. Qh7+ 1/2-1/2


[Site "https://www.chess.com"]